Unix NetHack Version 5.0.0-0 post-release - last build Jul 14 2026 02:55:29 (1809b74e8187c3a3585e283601c3028b46cbbdcb,branch:main).

Game began 2026-07-16 20:06:50, ended 2026-07-16 21:54:53.

Anarchos, lawful female dwarven Valkyrie

  ------
  |....|
  |.....
  |....|
  |..a:|
  |..@.+
  |....|
  -.----

   1

Anarchos the Fighter        St:14 Dx:12 Co:20 In:8 Wi:11 Ch:8  Lawful
Dlvl:7  $:223 HP:0(86) Pw:9(9) AC:0  Xp:7 T:5089 

Latest messages:
 The sewer rat bites!
 The sewer rat bites!
 The wererat bites!
 You hit the wererat!
 The sewer rat misses!
 The sewer rat misses!
 The sewer rat misses!
 The wererat bites!
 You avoid harm.
 You kill the wererat!
 U - a food ration.
 I - a blessed scimitar.
 The sewer rat misses!
 The sewer rat misses!
 You miss the rabid rat.
 The rabid rat bites!
 You hit the rabid rat!
 You miss the rabid rat.
 The rabid rat bites!
 The sewer rat bites!
 What do you want to zap? [X or ?*] X
 In what direction? 8
 The wand hits the rabid rat!
 You kill the rabid rat!
 The sewer rat bites!
 You descend the stairs.
 You already found a monster.  Use 'm' prefix to force another search.
 You already found a monster.  Use 'm' prefix to force another search.
 You already found a monster.  Use 'm' prefix to force another search.
 You already found a monster.  Use 'm' prefix to force another search.
 You already found a monster.  Use 'm' prefix to force another search.
 You hit the giant ant.
 The giant ant bites!
 The giant ant bites!
 You miss the giant ant.
 The giant ant bites!
 The giant ant misses!
 You miss the giant ant.
 The giant ant misses!
 You miss the giant ant.
 The giant ant bites!
 You miss the giant ant.
 The giant ant misses!
 You feel more confident in your weapon skills.
 You hit the giant ant!
 The giant ant bites!
 You die...
 Do you want your possessions identified? [ynq] (y) y
 Do you want to see your attributes? [ynq] (y) y
 Do you want an account of creatures vanquished? [ynaq] (y) q

Inventory:
 Coins    ('$')
  $ - 223 gold pieces
 Amulets  ('"')
  W - an uncursed amulet of reflection
 Weapons  (')')
  b - 3 +0 daggers
  a - a +2 dwarvish spear (at the ready)
  K - a blessed +1 long sword (weapon in right hand)
  I - a blessed +0 scimitar
 Armor    ('[')
  S - an uncursed +3 orcish helm
  y - an uncursed +0 orcish helm (being worn)
  c - an uncursed +3 small shield (being worn)
  e - an uncursed -1 mummy wrapping
  F - an uncursed +0 elven mithril-coat (being worn)
 Comestibles  ('%')
  U - an uncursed food ration
  O - an uncursed partly eaten tripe ration
  P - an uncursed lizard corpse
 Scrolls  ('?')
  n - an uncursed scroll of light
  p - an uncursed scroll of scare monster
 Potions  ('!')
  m - a cursed potion of blindness
  r - a cursed potion of healing
  D - an uncursed potion of monster detection
  T - 4 uncursed potions of object detection
 Rings    ('=')
  l - an uncursed ring of levitation
  i - an uncursed ring of warning (on right hand)
 Wands    ('/')
  X - a wand of striking (0:6)
 Tools    ('(')
  Y - an uncursed leash
  J - an uncursed lock pick
  q - an uncursed mirror
  h - an uncursed oil lamp
 Gems/Stones  ('*')
  Q - an uncursed diamond
  o - an uncursed fluorite stone
  R - an uncursed jade stone
  G - 2 uncursed worthless pieces of green glass
  M - an uncursed worthless piece of orange glass
  Z - 2 uncursed worthless pieces of yellow glass
  H - an uncursed worthless piece of yellowish brown glass
  A - 5 uncursed flint stones
  L - an uncursed touchstone

Anarchos the Valkyrie's attributes:

Background:
 You were a Fighter, a level 7 dwarven Valkyrie.
 You were lawful, on a mission for Tyr
 who was opposed by Odin (neutral) and Loki (chaotic).
 You were right-handed.
 You were in the Dungeons of Doom, on level 7.
 You entered the dungeon 5089 turns ago.
 There was a new moon in effect when your adventure ended.
 You had 678 experience points, 602 more were needed to attain level 8.

Basics:
 You had 0 out of 86 hit points.
 You had all 9 energy points (spell power).
 Your armor class was 0.
 Your wallet contained 223 zorkmids.
 Autopickup was on for all types.

Final Characteristics:
 Your strength was 14 (peak:18, limit:18/100).
 Your dexterity was 12 (limit:20).
 Your constitution was 20 (limit:20).
 Your intelligence was 8 (limit:16).
 Your wisdom was 11 (limit:16).
 Your charisma was 8 (limit:16).

Final Status:
 You weren't hungry.
 You were unencumbered.
 You were wielding a long sword.
 You had basic skill with long sword and could have enhanced that.

Final Attributes:
 You were piously aligned.
 You were cold resistant.
 You were poison resistant.
 You saw invisible.
 You were warned.
 You had infravision.
 You were stealthy.
 You were guarded.
 Your spell casting was impaired by metallic armor.
 You were fast.
 You are dead.

Miscellaneous:
 You didn't encounter any bones levels.
 Total elapsed playing time was 1 hour, 48 minutes and 2 seconds.

Major events:
 Turn
    1: Anarchos the lawful dwarven Valkyrie entered the dungeon
  900: attained the rank of Skirmisher (level 3)
 1034: entered the Gnomish Mines
 1789: reached Mine Town
 2642: attained the rank of Fighter (level 6)
 5089: killed by a giant ant

Spells:
 Name                 Level Category     Fail Retention
 cause fear             3   enchantment  100%  76%-100%

Skills:
 Fighting Skills
   bare handed combat [Unskilled]
   two weapon combat  [Unskilled]
   riding             [Unskilled]
 Weapon Skills
   dagger             [Basic]
   axe                [Unskilled]
   pick-axe           [Unskilled]
   short sword        [Unskilled]
   broadsword         [Unskilled]
   long sword         [Basic]
   two-handed sword   [Unskilled]
   saber              [Unskilled]
   hammer             [Unskilled]
   quarterstaff       [Unskilled]
   polearms           [Unskilled]
   spear              [Basic]
   trident            [Unskilled]
   lance              [Unskilled]
   sling              [Unskilled]
 Spellcasting Skills
   attack spells      [Unskilled]
   escape spells      [Unskilled]

Voluntary challenges:
 Character rerolling was not enabled.
 You never genocided any monsters.
 You never polymorphed an object.
 You never changed form.
 You used no wishes.
Achievements:
 You attained the rank of Skirmisher.
 You entered the Gnomish Mines.
 You entered Minetown.
 You entered a temple.
 You entered a shop.
 You attained the rank of Fighter.

 The Dungeons of Doom: levels 1 to 7
    Level 1:
    Level 2:
       A fountain, a sink.
    Level 3:
       A fountain.
       Stairs down to The Gnomish Mines.
    Level 4:
       A fountain.
    Level 5:
       Some fountains.
       Oracle of Delphi.
    Level 6:
       A sink.
    Level 7: <- You were here.
       Final resting place for
          you, killed by a giant ant.
 The Gnomish Mines: levels 4 to 6
    Level 4:
    Level 5:
    Level 6:
       Many shops, a temple and an altar, some fountains.


Vanquished creatures:
  a large mimic
  2 small mimics
  a leprechaun
  a lizard
  a dog
  a gnome mummy
  2 water nymphs
  a mountain nymph
  6 Mordor orcs
  a rock mole
  a fog cloud
  2 shriekers
  2 gnome leaders
  3 gnomish wizards
  2 guardian naga hatchlings
  a straw golem
  4 giant ants
  a little dog
  a floating eye
  a dwarf
  4 hill orcs
  3 rothes
  2 rabid rats
  2 centipedes
  a giant bat
  6 monkeys
  a wererat
  a werejackal
  3 iguanas
  a killer bee
  5 acid blobs
  a hobbit
  3 manes
  4 hobgoblins
  3 giant rats
  a cave spider
  a yellow mold
  a green mold
  a red mold
 17 gnomes
  2 garter snakes
  a gnome zombie
  2 geckos
  2 jackals
  a fox
  a kobold
  3 goblins
  4 sewer rats
  4 grid bugs
  4 lichens
  a kobold zombie
  5 newts
126 creatures vanquished.

No species were genocided or became extinct.

Game over:
                       ----------
                      /          \
                     /    REST    \
                    /      IN      \
                   /     PEACE      \
                  /                  \
                  |     Anarchos     |
                  |      223 Au      |
                  |   killed by a    |
                  |    giant ant     |
                  |                  |
                  |                  |
                  |       2026       |
                 *|     *  *  *      | *
        _________)/\\_//(\/(/\)/\//\/|_)_______

Farvel Anarchos the Valkyrie...

You died in The Dungeons of Doom on dungeon level 7 with 3303 points,
and 223 pieces of gold, after 5089 moves.
You were level 7 with a maximum of 86 hit points when you died.

